AoeStats
← RDA Ronan

African Clearing

504377280Analyzed
4v4 RM · 27d ago on Sep 5, 2026· 51m 15s· 8 players
Game mode
Random Map
Map size
Large (8 player)
Population
200
Speed
Normal
Resources
Standard
Victory
Conquest
Starting age
Dark Age
Ending age
Imperial Age
RankedLock teamsTeams togetherTeam positionsShared explorationLock speedFull tech treeHidden civsTurbo modeCheats
Victory
Defeat
🇲🇽 Aztecs · Mexico
1470
+11
🇦🇷 Japanese · Argentina
1315
+17
🇦🇷 Tupi · Argentina
1284
+18
🇦🇷 Berbers · Argentina
1280
+20
🇻🇳 Huns · Vietnam
1335
-16
🇹🇼 Georgians · Taiwan
1332
-16
🇪🇨 Khmer · Ecuador
1329
-16
[GDL] Zuko
11:36 Loom
14:30 Feudal Age
16:02 Double-Bit Axe
17:23 Horse Collar
19:58 Castle Age
18:20 Scale Mail Armor
21:30 Chain Mail Armor
21:53 Pikeman
29:39 Sanctity
30:33 Fervor
33:15 Bow Saw
33:26 Town Watch
34:17 Wheelbarrow
34:35 Heavy Plow
39:14 Imperial Age
36:52 Eagle Warrior
38:13 Squires
39:02 Forging
39:55 Town Patrol
40:49 Plate Mail Armor
40:24 Gold Mining
40:25 Stone Mining
40:09 Capped Ram
40:47 Elite Eagle Warrior
41:15 Arson
43:00 Iron Casting
45:39 Blast Furnace
46:12 Garland Wars
46:29 Herbal Medicine
48:06 Gold Shaft Mining
48:07 Stone Shaft Mining
49:32 Hand Cart
49:56 Fletching
50:40 Bodkin Arrow
51:30 Redemption
OPI Sonet
4:30 Loom
14:56 Feudal Age
15:40 Feudal Age
20:39 Castle Age
19:43 Double-Bit Axe
20:24 Fletching
36:08 Sanctity
37:22 Redemption
RDA Infernus
4:33 Loom
12:57 Feudal Age
17:12 Castle Age
18:29 Fletching
21:38 Bodkin Arrow
23:02 Padded Archer Armor
23:38 Double-Bit Axe
24:49 Horse Collar
28:20 Wheelbarrow
29:08 Bow Saw
30:08 Ballistics
30:44 Hand Cart
31:26 Town Watch
35:39 Imperial Age
36:26 Bracer
36:13 Treadmill Crane
37:41 Two-Man Saw
37:37 Leather Archer Armor
38:59 Conscription
40:51 Chemistry
40:24 Elite Blackwood Archer
43:32 Curare
50:32 Ring Archer Armor
50:13 Forging
50:03 Scale Mail Armor
RDA Ronan
5:13 Loom
13:23 Feudal Age
14:39 Double-Bit Axe
17:14 Castle Age
18:17 Bow Saw
18:15 Town Watch
25:04 Scale Barding Armor
26:31 Wheelbarrow
27:52 Bloodlines
29:01 Chain Barding Armor
30:00 Husbandry
30:30 Forging
30:19 Gold Mining
32:35 Stone Mining
33:22 Gold Shaft Mining
32:35 Horse Collar
33:13 Hand Cart
33:53 Heavy Plow
34:24 Fletching
35:29 Bodkin Arrow
38:09 Imperial Age
36:41 Bodkin Arrow
37:26 Kasbah
37:48 Town Patrol
38:31 Iron Casting
37:57 Padded Archer Armor
39:02 Ballistics
39:50 Chemistry
39:18 Conscription
38:23 Elite Camel Archer
38:33 Heavy Camel Rider
39:25 Bracer
40:23 Plate Barding Armor
40:01 Padded Archer Armor
40:56 Maghrebi Camels
41:20 Ballistics
41:47 Stone Shaft Mining
43:20 Blast Furnace
43:39 Leather Archer Armor
45:50 Ring Archer Armor
45:53 Coinage
45:33 Capped Ram
47:39 Banking
49:03 Siege Engineers
50:51 Treadmill Crane
[ECU] PALADINFRANCO
3:14 Loom
11:18 Feudal Age
11:48 Double-Bit Axe
17:02 Scale Barding Armor
17:10 Bloodlines
22:41 Castle Age
29:43 Wheelbarrow
35:27 Imperial Age
33:48 Forging
35:45 Bow Saw
37:30 Chain Barding Armor
37:26 Town Watch
38:11 Fletching
38:54 Cavalier
40:12 Iron Casting
40:34 Ballistics
40:40 Light Cavalry
41:55 Husbandry
visionary
9:02 Loom
9:48 Loom
11:59 Feudal Age
12:34 Double-Bit Axe
13:40 Fletching
19:34 Castle Age
21:13 Wheelbarrow
20:49 Bow Saw
20:25 Town Watch
21:00 Bloodlines
21:54 Gold Mining
23:01 Scale Barding Armor
22:51 Horse Collar
26:59 Stone Mining
31:23 Bodkin Arrow
33:58 Hand Cart
38:05 Imperial Age
36:56 Chain Barding Armor
36:47 Forging
36:39 Husbandry
38:24 Heavy Plow
39:03 Stone Shaft Mining
39:35 Plate Barding Armor
39:36 Iron Casting
39:42 Conscription
39:25 Cavalier
45:24 Blast Furnace
43:50 Light Cavalry
我想给自己改个简单又不重复的名字
5:36 Loom
12:55 Feudal Age
14:07 Town Watch
14:10 Double-Bit Axe
14:28 Horse Collar
15:53 Wheelbarrow
21:25 Gold Mining
21:26 Stone Mining
27:58 Fletching
TanLN
4:29 Loom
13:39 Feudal Age
18:42 Castle Age
17:27 Double-Bit Axe
17:39 Fletching
24:31 Bodkin Arrow
27:00 Padded Archer Armor
28:46 Bloodlines
28:36 Husbandry
30:23 Wheelbarrow
30:43 Husbandry
32:02 Horse Collar
32:44 Ballistics
32:57 Heavy Plow
33:49 Bow Saw
34:00 Fishing Lines
36:57 Thumb Ring
37:48 Gold Mining
41:19 Imperial Age
39:24 Leather Archer Armor
39:20 Forging
39:16 Scale Barding Armor
40:01 Marauders
42:02 Gold Shaft Mining
41:17 Stone Mining
41:44 Elite Tarkan
42:45 Conscription
42:46 Chain Barding Armor
43:13 Parthian Tactics
42:22 Heavy Cavalry Archer
44:04 Plate Barding Armor
44:05 Iron Casting
43:58 Bracer
50:45 Blast Furnace
51:07 Chemistry
Connection lost

Rejoining the realm…

Still unreachable

The connection could not be restored.

Session expired

The server has moved on; the page needs a fresh start.